 Dungeon Crawl Stone Soup version 0.28-a0-474-g535839065c (webtiles) character file.

Game seed: 7399825633310581368

292 frimble the Sneak (level 6, -4/39 HPs)
             Began as an Octopode Warper on Sept 16, 2021.
             Killed from afar by a steam dragon (11 damage)
             ... with a ball of steam
             ... on level 4 of the Dungeon.
             The game lasted 00:04:22 (3609 turns).

frimble the Sneak (Octopode Warper)                 Turns: 3609, Time: 00:04:22

Health: -4/39      AC:  1    Str: 10    XL:     6   Next: 33%
Magic:  9/9        EV: 13    Int: 17    God:
Gold:   126        SH:  0    Dex: 12    Spells: 9/9 levels left

rFire   . . .      SeeInvis .   l - +6 quick blade
rCold   . . .      Faith    .   (no shield)
rNeg    . . .      Spirit   .   (helmet restricted)
rPois   .          Reflect  .   (no amulet)
rElec   .          Harm     .   (no ring)
rCorr   .          Rampage  .   (no ring)
Will    .....                   (no ring)
Stlth   ++++......              (no ring)
HPRegen 0.13/turn               (no ring)
MPRegen 0.11/turn               (no ring)
                                (no ring)
                                (no ring)

@: no status effects
A: almost no armour, amphibious, 8 rings, camouflage 1, gelatinous body 1,
(nimble swimmer 1), tentacles
a: no special abilities


You were on level 4 of the Dungeon.
You visited 1 branch of the dungeon, and saw 4 of its levels.

You collected 126 gold pieces.

Inventory:

Hand Weapons
 a - a +0 dagger of venom
 b - a +2 hunting sling of freezing
 l - a +6 quick blade (weapon)
 o - a +0 short sword of protection
Missiles
 c - 5 boomerangs of dispersal
 f - 101 stones
 q - a throwing net (quivered)
Scrolls
 d - a scroll of blinking
 h - 2 scrolls of identify
Potions
 e - 2 potions of curing
 g - a potion of brilliance
 i - a potion of might
 j - a potion of degeneration {unknown}
 k - a potion of mutation {unknown}
 p - 2 potions of attraction {unknown}


   Skills:
 - Level 2.0 Fighting
 + Level 4.2 Short Blades
 + Level 2.8(3.0) Slings
 - Level 1.0(2.0) Throwing
 - Level 2.3 Dodging
 + Level 5.1 Stealth
 - Level 2.0 Spellcasting
 - Level 3.0 Translocations


You had 9 spell levels left.
You didn't know any spells.
Your spell library contained the following spells:

 Spells                   Type           Power      Damage    Failure   Level
 Blink                    Tloc           N/A        N/A       9%          2
 Gell's Gravitas          Tloc           5%         N/A       17%         3
 Lesser Beckoning         Tloc           11%        N/A       17%         3
 Teleport Other           Tloc           11%        N/A       17%         3
 Slow                     Hex            1%         N/A       28%         2
 Confusing Touch          Hex            1%         N/A       50%         3
 Vampiric Draining        Necr           0%         2d6       50%         3
 Manifold Assault         Tloc           11%        N/A       83%         5
 Storm Form               Tmut/Air       0%         N/A       100%        7


Dungeon Overview and Level Annotations

Branches:
Dungeon (4/15)
 Temple: D:4-7

Altars:


Innate Abilities, Weirdness & Mutations

You cannot wear most types of armour.
You are amphibious.
You can wear up to eight rings at the same time.
Your skin changes colour to match your surroundings (Stealth+).
Your rubbery body absorbs attacks. (AC +1, EV +1)
((You are camouflaged near water. (Stealth+)))
You have tentacles for arms and can constrict up to eight enemies at once.


Message History

The endoplasm freezes you.
You are frozen.
You hear the hiss of an avalanche of sand nearby.
The endoplasm barely misses you.
You hit the endoplasm but do no damage. Your squeeze misses the endoplasm.
You puncture the endoplasm!
You kill the endoplasm!
The worm barely misses you.
You hit the worm. You grab the worm.
The worm is moderately wounded.
You constrict the worm. You hit the worm but do no damage.
The worm is moderately wounded.
You constrict the worm, but do no damage.
You hit the worm. You squeeze the worm!
You kill the worm!
You see here a worm corpse.
You hear the brisk hiss of a very distant avalanche of sand.
You open the door.
There is an open door here.
A steam dragon comes into view.
Found a stone staircase leading down.
A goblin comes into view. It is wielding a +0 club.
A necrophage comes into view.
Found 16 sling bullets.
You see here a potion of curing.
The helpless steam dragon fails to defend itself.
You puncture the steam dragon!
The steam dragon is heavily wounded.
The steam dragon breathes steam at you. The ball of steam hits you!
The necrophage misses you. The necrophage barely misses you.
You see here a potion of curing.
e - 2 potions of curing (gained 1)
The steam dragon bites you! The steam dragon claws you.
The necrophage hits you!
* * * LOW HITPOINT WARNING * * *
The steam dragon breathes steam at you. The ball of steam hits you!
You die...

#... #.......#
########.#########.....#
...#..#............##+##
....#......#....)#.....#
....#......'.....+.)...#
....+......#.....#...).#
....#..)...#.....#.....#
....#......#.....#.....#
...###.....#....@#+###+###
...###.....##....§D§...(.#
............#....gn......#
............#.......>....#
............#.....(......#
.##.######+##............#
.##.# ###+####.....#
.......# .....# .......#
.....#


You could see a steam dragon (catching breath), a necrophage and a goblin.

Vanquished Creatures
  A jelly (D:3)
  A hound (D:4)
  An iguana (D:4)
  Natasha (thrice) (D:2)
  2 gnolls
  6 adders
  2 worms
  A dart slug (D:4)
  5 bats
  6 endoplasms
  A giant cockroach (D:3)
  7 goblins
  5 hobgoblins
  A quokka (D:1)
  4 ball pythons
  2 frilled lizards
  4 kobolds
  3 rats
55 creatures vanquished.

Vanquished Creatures (others)
  A plant (D:2)
1 creature vanquished.

Grand Total: 56 creatures vanquished

Notes
Turn   | Place    | Note
-------+----------+-------------------------------------------
     0 | D:1      | frimble the Octopode Warper began the quest for the Orb.
     0 | D:1      | Reached XP level 1. HP: 14/14 MP: 3/3
    56 | D:1      | Found a faded altar of an unknown god.
   126 | D:1      | Reached skill level 1 in Stealth
   389 | D:1      | Reached XP level 2. HP: 19/19 MP: 5/5
   558 | D:1      | Reached skill level 2 in Stealth
  1090 | D:2      | Reached XP level 3. HP: 8/24 MP: 6/6
  1593 | D:2      | Reached skill level 3 in Stealth
  1748 | D:2      | Noticed Natasha
  1751 | D:2      | Killed Natasha
  1752 | D:2      | Reached skill level 1 in Slings
  1752 | D:2      | Reached XP level 4. HP: 29/29 MP: 7/7
  1763 | D:2      | Noticed Natasha
  1767 | D:2      | Killed Natasha
  2096 | D:2      | Noticed Natasha
  2098 | D:2      | Killed Natasha
  2099 | D:2      | Reached skill level 4 in Stealth
  2099 | D:2      | Reached XP level 5. HP: 34/34 MP: 8/8
  3235 | D:4      | Identified a scroll of acquirement
  3235 | D:4      | Acquired a +6 quick blade
  3302 | D:4      | Reached XP level 6. HP: 15/39 MP: 9/9
  3533 | D:4      | Reached skill level 5 in Stealth
  3598 | D:4      | Noticed a steam dragon
  3600 | D:4      | Noticed a necrophage
  3609 | D:4      | Killed from afar by a steam dragon

Illustrated notes

Levels and vault maps discovered:
D:1:      dpeg_arrival_signposts, layout_loops_ring,
          ebering_ecumenical_altar_petrified
D:2:      layout_basic, serial_bayou_pond_a, minmay_misc_feat_five, minivault_4,
          uniq_natasha
D:3:      layout_loops_ring
D:4:      layout_gridville, mainiacjoe_overflow_catch_the_wave, enter_ossuary_4,
          minivault_27, minmay_checkerbox, uniq_edmund

Skill      XL: |  1  2  3  4  5  6 |
---------------+-------------------+-----
Stealth        | 1 2 3 4 5 |  5.1
Short Blades   | 3 4 |  4.2
Slings         | 1 2 |  2.8
Fighting       | |  2.0
Throwing       | |  1.0
Dodging        | |  2.3
Spellcasting   | |  2.0
Translocations | |  3.0

Action                   |  1- 3 |  4- 6 || total
-------------------------+-------+-------++-------
Melee: Short sword       |    30 |       ||    30
       Constrict         |     7 |     3 ||    10
       Tentacles         |     3 |     3 ||     6
       Quick blade       |       |    13 ||    13
       Dagger            |       |     2 ||     2
 Fire: Hunting sling     |    24 |    77 ||   101
Throw: Throwing net      |       |     1 ||     1
  Use: Scroll            |     1 |     6 ||     7
 Stab: Sleeping          |     3 |     2 ||     5
       Held in net/web   |       |     1 ||     1
Armor: Skin              |     3 |       ||     3
Dodge: Dodged            |    18 |    29 ||    47

Table legend: (Time is in decaauts)
 A = Elapsed time spent in this place.
 B = Non-inter-level travel time spent in this place.
 C = Inter-level travel time spent in this place.
 D = Time resting spent in this place.
 E = Time spent auto-exploring this place.
 F = Levels seen in this place.
 G = Mean time per level.
                   A        B        C        D        E       F      G
               +--------+--------+--------+--------+--------+-----+--------+
         Total |   3622 |   3389 |    233 |      2 |   2920 |   4 |  905.5 |
       Dungeon |   3622 |   3389 |    233 |      2 |   2920 |   4 |  905.5 |
               +--------+--------+--------+--------+--------+-----+--------+

Top non-repeatable levels by time:
     D:1: 1461 daAuts
     D:3: 923 daAuts
     D:2: 867 daAuts
     D:4: 370 daAuts
